 Dungeon Crawl Stone Soup version 0.30-a0-772-g5528072125 (webtiles) character file.

Game seed: 9774695414555507827

59 porpoise the Sneak (level 4, -1/32 HPs)
             Began as a Gnoll Enchanter on Feb 13, 2023.
             Was an Initiate of Dithmenos.
             Slain by an iguana (9 damage)
             ... on level 4 of the Dungeon.
             The game lasted 00:08:27 (2685 turns).

porpoise the Sneak (Gnoll Enchanter)                Turns: 2685, Time: 00:08:27

Health: -1/32      AC:  4    Str:  7    XL:     4   Next: 3%
Magic:  1/11       EV: 13    Int: 17    God:    Dithmenos [......]
Gold:   148        SH:  0    Dex: 12    Spells: 4/13 levels left

rFire   . . .      SeeInvis .    a - +1 dagger
rCold   . . .      Faith    .    (no shield)
rNeg    . . .      Spirit   .    b - +0 robe
rPois   .          Reflect  .    w - +0 helmet
rElec   .          Harm     .    g - +0 cloak
rCorr   .          Rampage  .    (no gloves)
Will    .....                    (no boots)
Stlth   +++                      (no amulet)
HPRegen 0.25/turn                (no ring)
MPRegen 0.12/turn                (no ring)

@: confusing by touch
A: fangs 1, strong nose, distributed training
a: Renounce Religion


You were on level 4 of the Dungeon.
You worshipped Dithmenos.
Dithmenos was noncommittal.
You visited 1 branch of the dungeon, and saw 4 of its levels.

You collected 148 gold pieces.

Inventory:

Hand Weapons
 a - a +1 dagger (weapon)
 k - a +3 scimitar
Missiles
 x - 6 poisoned darts (quivered)
Armour
 b - a +0 robe (worn)
 e - a scarf of resistance
 g - a +0 cloak (worn)
 w - a +0 helmet (worn)
Jewellery
 p - a ring of flight
 v - an amulet of faith
Scrolls
 d - 2 scrolls of fear
 h - a scroll of blinking {unknown}
 i - a scroll of poison {unknown}
 j - 2 scrolls of teleportation
 m - a scroll of fog {unknown}
 n - a scroll of amnesia {unknown}
 t - a scroll of enchant weapon {unknown}
Potions
 c - 3 potions of invisibility
 f - 2 potions of lignification
 l - 2 potions of haste
 o - a potion of brilliance
 q - a potion of ambrosia {unknown}
 r - a potion of attraction {unknown}
 s - a potion of mutation {unknown}
 u - a potion of curing {unknown}


   Skills:
 + Level 1.0 Fighting
 + Level 2.7 Short Blades
 + Level 1.0 Long Blades
 + Level 1.0 Axes
 + Level 1.0 Maces & Flails
 + Level 1.0 Polearms
 + Level 1.0 Staves
 + Level 1.0 Ranged Weapons
 + Level 1.0 Throwing
 + Level 1.0 Armour
 + Level 4.6 Dodging
 + Level 6.0 Stealth
 + Level 1.0 Shields
 + Level 1.0 Unarmed Combat
 + Level 5.0 Spellcasting
 + Level 0.8 Conjurations
 + Level 5.4 Hexes
 + Level 0.8 Summonings
 + Level 0.8 Necromancy
 + Level 0.8 Translocations
 + Level 0.8 Transmutations
 + Level 0.8 Fire Magic
 + Level 0.8 Ice Magic
 + Level 0.8 Air Magic
 + Level 0.8 Earth Magic
 + Level 0.8 Poison Magic
 + Level 1.1 Invocations
 + Level 1.0 Evocations


You had 4 spell levels left.
You knew the following spells:

 Your Spells              Type           Power      Damage    Failure   Level
a - Confusing Touch       Hex            22%        N/A       4%          3
e - Ensorcelled Hibernat  Hex/Ice        30%        N/A       6%          2
s - Sandblast             Erth           14%        2d6       10%         1
t - Tukima's Dance        Hex            22%        N/A       4%          3

Your spell library contained the following spells:

 Spells                   Type           Power      Damage    Failure   Level
 Freeze                   Ice            28%        1d5       10%         1
 Dazzling Flash           Conj/Hex       30%        N/A       12%         3
 Passwall                 Tmut/Erth      5%         N/A       16%         2
 Scorch                   Fire           14%        2d5       16%         2
 Frozen Ramparts          Ice            14%        1d3       30%         3
 Hailstorm                Conj/Ice       7%         3d4       30%         3
 Stone Arrow              Conj/Erth      14%        3d7       30%         3
 Flame Wave               Conj/Fire      7%         2d5       69%         4
 Summon Cactus Giant      Summ           3%         N/A       100%        6


Dungeon Overview and Level Annotations

Branches:
Dungeon (4/15)
 Temple: D:4-7

Altars:
Ashenzari
Dithmenos
Elyvilon
Gozag
Hepliaklqana
Kikubaaqudgha
Makhleb
Nemelex Xobeh
Ru
Trog
Uskayaw
Wu Jian
The Shining One


Innate Abilities, Weirdness & Mutations

You have very sharp teeth.
Your uncanny sense of smell can sniff out nearby items.
Your experience applies equally to all skills.


Message History

Casting: Ensorcelled Hibernation (safe; 6% risk of failure)
Confirm with . or Enter, or press ? or * to list all spells.
Aiming: Ensorcelled Hibernation (safe; 6% risk of failure)
Press: ? - help, Shift-Dir - straight line, f - iguana
Aim: an iguana (chance to affect: 56%)
The iguana looks drowsy...
The ufetubus hits you but does no damage.
The ufetubus hits you. The ufetubus misses you. The ufetubus barely misses you.
Casting: Ensorcelled Hibernation (safe; 6% risk of failure)
Confirm with . or Enter, or press ? or * to list all spells.
You can't see any susceptible monsters within range! (Use Z to cast anyway.) Unknown command.
Casting: Ensorcelled Hibernation (safe; 6% risk of failure)
Confirm with . or Enter, or press ? or * to list all spells.
The spell is quite dangerous to miscast (4% risk of failure)!
Continue anyway? [Y]es or [N]o only, please.
The spell is quite dangerous to miscast (4% risk of failure)!
Continue anyway? [Y]es or [N]o only, please.
The spell is quite dangerous to miscast (4% risk of failure)!
Continue anyway?
Your hands begin to glow red.
The ufetubus hits you. x2
You hit the ufetubus but do no damage.
The ufetubus appears confused.
Your bite misses the ufetubus.
The ufetubus is heavily wounded.
You hit the ufetubus.
The ufetubus is severely wounded.
The ufetubus barely misses you.
The ufetubus hits you but does no damage.
The iguana bites you!
* * * LOW HITPOINT WARNING * * *
You hit the ufetubus.
You kill the ufetubus!
Dithmenos accepts your kill.
You have reached level 4!
You feel clever.
Casting: Confusing Touch (dangerous; 4% risk of failure)
Confirm with . or Enter, or press ? or * to list all spells.
Your hands begin to glow red.
The iguana closely misses you.
You completely miss the iguana. You bite the iguana, but do no damage.
The iguana bites you!
You die...

...(.###..##
...........##
##....<....##
#...........#
#.........†.#
#..##...###..#
.. ##..# #..##
# # . #..#
#...#.#....
#.##
#..@....._. #.
#.l#..##...
#..#..#
#..#..#
#..#...
#..#....
...###### ...#


You could see an iguana.

Vanquished Creatures
  An ufetubus (D:4)
  A worm (D:3)
  A dart slug (D:1)
  An orc (D:3)
  5 ball pythons
  4 bats (D:3)
  6 endoplasms
  A goblin (D:1)
  2 hobgoblins
  4 jackals (D:1)
  4 quokkas
  3 frilled lizards
  6 kobolds
  5 rats
44 creatures vanquished.

Notes
Turn   | Place    | Note
-------+----------+-------------------------------------------
     0 | D:1      | porpoise the Gnoll Enchanter began the quest for the Orb.
     0 | D:1      | Reached XP level 1. HP: 13/13 MP: 6/6
     6 | D:1      | Learned a level 1 spell: Sandblast
   138 | D:1      | Reached XP level 2. HP: 19/19 MP: 4/7
   165 | D:1      | Learned a level 2 spell: Ensorcelled Hibernation
   781 | D:1      | Reached skill level 5 in Spellcasting
   781 | D:1      | Reached XP level 3. HP: 25/25 MP: 3/9
  1006 | D:1      | Learned a level 3 spell: Confusing Touch
  1010 | D:1      | Learned a level 3 spell: Tukima's Dance
  1084 | D:2      | Reached skill level 6 in Stealth
  1116 | D:2      | Found a faded altar of an unknown god.
  1290 | D:2      | Reached skill level 1 in Invocations
  1830 | D:3      | Found a broken altar of Ashenzari.
  1830 | D:3      | Found a hazy altar of Hepliaklqana.
  1869 | D:3      | Found a glowing golden altar of the Shining One.
  1875 | D:3      | Found a sparkling altar of Nemelex Xobeh.
  1875 | D:3      | Found an ancient bone altar of Kikubaaqudgha.
  1875 | D:3      | Found a hide-covered altar of Uskayaw.
  1875 | D:3      | Found a shadowy altar of Dithmenos.
  1876 | D:3      | Found a burning altar of Makhleb.
  1878 | D:3      | Found an opulent altar of Gozag.
  1889 | D:3      | Found a sacrificial altar of Ru.
  1890 | D:3      | Found a bloodstained altar of Trog.
  1906 | D:3      | Became a worshipper of Dithmenos the Shadowed
  2223 | D:3      | Reached skill level 1 in Fighting
  2223 | D:3      | Reached skill level 1 in Long Blades
  2223 | D:3      | Reached skill level 1 in Axes
  2223 | D:3      | Reached skill level 1 in Maces & Flails
  2223 | D:3      | Reached skill level 1 in Polearms
  2223 | D:3      | Reached skill level 1 in Staves
  2223 | D:3      | Reached skill level 1 in Ranged Weapons
  2223 | D:3      | Reached skill level 1 in Throwing
  2223 | D:3      | Reached skill level 1 in Armour
  2223 | D:3      | Reached skill level 1 in Shields
  2223 | D:3      | Reached skill level 1 in Unarmed Combat
  2223 | D:3      | Reached skill level 1 in Evocations
  2384 | D:3      | Found a white marble altar of Elyvilon.
  2675 | D:4      | Found an ornate altar of the Wu Jian Council.
  2684 | D:4      | Reached XP level 4. HP: 7/32 MP: 4/11
  2685 | D:4      | Slain by an iguana

Illustrated notes

Levels and vault maps discovered:
D:1:      scummos_arrival_simple_fountains, layout_loops_corners
D:2:      layout_loops_cross, chequers_ecumenical_altar_island, minivault_25,
          wander_ebering_terrifying_dragon_lair
D:3:      layout_loops_ring, nicolae_elyvilon_peaceful_grove, minitemple
D:4:      layout_layer_cave, nicolae_overflow_crystal_walls

Skill      XL: |  1  2  3 |
---------------+----------+-----
Spellcasting   | 5 |  5.0
Stealth        | 6 |  6.0
Invocations    | 1 |  1.1
Fighting       | 1 |  1.0
Long Blades    | 1 |  1.0
Axes           | 1 |  1.0
Maces & Flails | 1 |  1.0
Polearms       | 1 |  1.0
Staves         | 1 |  1.0
Ranged Weapons | 1 |  1.0
Throwing       | 1 |  1.0
Armour         | 1 |  1.0
Shields        | 1 |  1.0
Unarmed Combat | 1 |  1.0
Evocations     | 1 |  1.0
Short Blades   | |  2.7
Dodging        | |  4.6
Conjurations   | |  0.8
Hexes          | |  5.4
Summonings     | |  0.8
Necromancy     | |  0.8
Translocations | |  0.8
Transmutations | |  0.8
Fire Magic     | |  0.8
Ice Magic      | |  0.8
Air Magic      | |  0.8
Earth Magic    | |  0.8
Poison Magic   | |  0.8

Action                     |  1- 3 |  4- 6 || total
---------------------------+-------+-------++-------
  Melee: Dagger            |   100 |     1 ||   101
         Bite              |     9 |     1 ||    10
         Punch             |     2 |       ||     2
  Throw: Dart              |     6 |       ||     6
   Cast: Sandblast         |     3 |       ||     3
         Ensorcelled Hiber |    19 |       ||    19
         Confusing Touch   |     1 |     1 ||     2
    Use: Scroll            |     5 |       ||     5
   Stab: Sleeping          |    23 |       ||    23
 Armour: Robe              |    15 |       ||    15
  Dodge: Dodged            |    50 |     1 ||    51

Table legend: (Time is in decaauts)
 A = Elapsed time spent in this place.
 B = Non-inter-level travel time spent in this place.
 C = Inter-level travel time spent in this place.
 D = Time resting spent in this place.
 E = Time spent auto-exploring this place.
 F = Levels seen in this place.
 G = Mean time per level.
                   A        B        C        D        E       F      G
               +--------+--------+--------+--------+--------+-----+--------+
         Total |   2676 |   2610 |     66 |    450 |   1691 |   4 |  669.0 |
       Dungeon |   2676 |   2610 |     66 |    450 |   1691 |   4 |  669.0 |
               +--------+--------+--------+--------+--------+-----+--------+

Top non-repeatable levels by time:
     D:1: 1056 daAuts
     D:3: 895 daAuts
     D:2: 596 daAuts
     D:4: 128 daAuts
